AoeStats
← spark

MegaRandom

505870273Analyzed
1v1 RM · 20d ago on Sep 11, 2026· 48m 2s· 2 players
Game mode
Random Map
Map size
Tiny (2 player)
Population
200
Speed
Normal
Resources
Standard
Victory
Conquest
Starting age
Dark Age
Ending age
Imperial Age
RankedLock teamsTeams togetherTeam positionsShared explorationLock speedFull tech treeHidden civsTurbo modeCheats
Victory
Defeat
🇨🇳 Spanish · China
723
+13
🇬🇧 Vikings · United Kingdom
663
-13
VenerableGiraffe
0:58 Loom
13:49 Feudal Age
14:00 Man-at-Arms
14:48 Double-Bit Axe
17:36 Arson
21:44 Castle Age
21:26 Scale Mail Armor
21:38 Forging
21:20 Fletching
21:19 Horse Collar
22:52 Gambesons
22:28 Long Swordsman
23:10 Squires
25:15 Bow Saw
26:09 Elite Skirmisher
27:56 Heavy Plow
29:45 Bodkin Arrow
31:31 Elite Skirmisher
38:50 Imperial Age
38:56 Imperial Age
41:54 Pikeman
43:45 Chieftains
45:11 Chain Mail Armor
45:32 Iron Casting
44:58 Bracer
spark
6:24 Loom
9:27 Feudal Age
9:59 Double-Bit Axe
9:57 Horse Collar
12:22 Wheelbarrow
18:00 Castle Age
22:09 Stone Mining
27:44 Gold Mining
30:20 Bow Saw
31:14 Heavy Plow
32:22 Hand Cart
37:35 Imperial Age
35:56 Town Watch
37:03 Town Patrol
39:09 Padded Archer Armor
39:24 Scale Barding Armor
39:30 Forging
39:12 Elite Conquistador
41:39 Chemistry
41:00 Ballistics
41:45 Leather Archer Armor
41:52 Chain Barding Armor
42:07 Iron Casting
42:46 Bloodlines
42:36 Husbandry
41:57 Light Cavalry
43:18 Conscription
43:21 Supremacy
44:58 Bombard Tower
44:20 Hussar
45:38 Ring Archer Armor
45:43 Plate Barding Armor
46:09 Blast Furnace
Connection lost

Rejoining the realm…

Still unreachable

The connection could not be restored.

Session expired

The server has moved on; the page needs a fresh start.